 Dungeon Crawl Stone Soup version 0.31.0-12-g77e489cdc1 (webtiles) character file.

Game seed: 4775350625377257957

60 NotreDorf the Magician (level 4, -3/32 HPs)
             Began as a Gnoll Hedge Wizard on Feb 12, 2024.
             Slain by Ijyb
             ... wielding a +0 dagger
              (6 damage)
             ... on level 3 of the Dungeon.
             The game lasted 00:07:16 (2387 turns).

NotreDorf the Magician (Gnoll Hedge Wizard)         Turns: 2387, Time: 00:07:16

Health: -3/32      AC:  3    Str:  9    XL:     4   Next: 4%
Magic:  7/13       EV: 13    Int: 16    God:
Gold:   75         SH:  0    Dex: 11    Spells: 11/17 levels left

rFire   . . .        u - +0 short sword
rCold   . . .        (no shield)
rNeg    . . .        b - +0 robe
rPois   .            c - +0 hat
rElec   .            (no cloak)
rCorr   .            h - +0 pair of gloves
SInv    .            (no boots)
Will    .....        (no amulet)
Stlth   ++           (no ring)
HPRegen 0.25/turn    (no ring)
MPRegen 0.13/turn

%: no passive effects
@: no status effects
A: fangs 1, strong nose, distributed training
a: no special abilities


You were on level 3 of the Dungeon.
You visited 1 branch of the dungeon, and saw 3 of its levels.

You collected 75 gold pieces.

Inventory:

Hand Weapons
 u - a +0 short sword (weapon)
Armour
 b - a +0 robe (worn)
 c - a +0 hat (worn)
 f - a +0 leather armour
 h - a +0 pair of gloves (worn)
Talismans
 n - a dragon-blood talisman
Wands
 q - a wand of paralysis (4)
Scrolls
 j - 5 scrolls of identify {unknown}
 l - 2 scrolls of noise {unknown}
 m - 2 scrolls of poison {unknown}
 o - a scroll of revelation {unknown}
 r - a scroll of blinking {unknown}
 s - a scroll of summoning {unknown}
Potions
 d - a potion of magic
 e - a potion of attraction {unknown}
 g - a potion of enlightenment {unknown}
 i - a potion of curing {unknown}
 k - a potion of degeneration {unknown}
 t - a potion of mutation {unknown}


   Skills:
 + Level 1.0 Fighting
 + Level 1.0 Short Blades
 + Level 1.0 Long Blades
 + Level 1.0 Axes
 + Level 1.0 Maces & Flails
 + Level 1.0 Polearms
 + Level 1.0 Staves
 + Level 1.0 Ranged Weapons
 + Level 1.0 Throwing
 + Level 1.0 Armour
 + Level 4.6 Dodging
 + Level 4.2 Stealth
 + Level 1.0 Shields
 + Level 1.0 Unarmed Combat
 + Level 7.2 Spellcasting
 + Level 2.2 Conjurations
 + Level 0.8 Hexes
 + Level 2.2 Summonings
 + Level 0.8 Necromancy
 + Level 2.2 Translocations
 + Level 0.8 Fire Magic
 + Level 0.8 Ice Magic
 + Level 0.8 Air Magic
 + Level 0.8 Earth Magic
 + Level 0.8 Alchemy
 + Level 1.1 Invocations
 + Level 1.0 Evocations
 + Level 1.0 Shapeshifting


You had 11 spell levels left.
You knew the following spells:

 Your Spells              Type           Power      Damage    Failure   Level
a - Magic Dart            Conj           48%        1d5       4%          1
b - Blink                 Tloc           24%        N/A       8%          2
c - Mephitic Cloud        Conj/Alch/Air  9%         N/A       22%         3

Your spell library contained the following spells:

 Spells                   Type           Power      Damage    Failure   Level
 Call Imp                 Summ           24%        N/A       8%          2
 Searing Ray              Conj           24%        2d5       8%          2
 Freeze                   Ice            32%        1d5       9%          1
 Slow                     Hex            32%        N/A       9%          1
 Cigotuvi's Dreadful Rot  Necr/Alch/Air  16%        N/A       13%         2
 Hailstorm                Conj/Ice       10%        3d6       21%         3
 Frozen Ramparts          Ice            16%        1d3       26%         3
 Fulminant Prism          Conj/Alch      5%         3d7       54%         4


Dungeon Overview and Level Annotations

Branches:
Dungeon (3/15)

Altars:

Annotations:
D:3 Ijyb


Innate Abilities, Weirdness & Mutations

You have very sharp teeth.
Your uncanny sense of smell can sniff out nearby items.
Your experience applies equally to all skills.


Message History

Confirm with . or Enter, or press ? or * to list all spells.
Aiming: Magic Dart (safe; 4% risk of failure)
Press: ? - help, Shift-Dir - straight line, f/p - Ijyb
Aim: Ijyb, wielding a +0 dagger, wearing a +2 ring mail of poison resistance and carrying a wand of flame (lightly wounded, 100% to hit)
The magic dart hits Ijyb but does no damage.
Ijyb is lightly wounded.
You hear the slow rusting of a very distant drain.
Unknown command.
Casting: Magic Dart (safe; 4% risk of failure)
Confirm with . or Enter, or press ? or * to list all spells.
Aiming: Magic Dart (safe; 4% risk of failure)
Press: ? - help, Shift-Dir - straight line, f/p - Ijyb
Aim: Ijyb, wielding a +0 dagger, wearing a +2 ring mail of poison resistance and carrying a wand of flame (lightly wounded, 100% to hit)
The magic dart hits Ijyb.
Ijyb is lightly wounded.
You closely miss Ijyb. You bite Ijyb, but do no damage.
Ijyb is lightly wounded.
Ijyb zaps a wand.
The puff of flame hits you!
You barely miss Ijyb. Your bite misses Ijyb.
Ijyb is lightly wounded.
Ijyb barely misses you.
You barely miss Ijyb. You bite Ijyb, but do no damage.
Ijyb is lightly wounded.
Ijyb zaps a wand.
The puff of flame hits you!
You hit Ijyb but do no damage.
Ijyb is lightly wounded.
Ijyb closely misses you.
You hit Ijyb but do no damage. Your bite misses Ijyb.
Ijyb is lightly wounded.
You hit Ijyb.
Ijyb is moderately wounded.
Ijyb misses you.
You hit Ijyb but do no damage.
Ijyb is moderately wounded.
Ijyb zaps a wand.
The puff of flame hits you!
* * * LOW HITPOINT WARNING * * *
You barely miss Ijyb. Your bite misses Ijyb.
Ijyb is moderately wounded.
Ijyb hits you with a +0 dagger.
You die...

.### ...
..# ###.#
#<..#
#.### #.#
#.# #@#
.......g#
#######$#
..# #.#
#.# #.#
#.#


You could see Ijyb.

Vanquished Creatures
  3 dart slugs (D:1)
  2 ribbon worms
  6 endoplasms
  3 giant cockroaches
  2 goblins (D:2)
  4 hobgoblins
  5 jackals (D:1)
  3 quokkas
  2 ball pythons (D:2)
  2 bats (D:2)
  3 frilled lizards
  2 kobolds (D:1)
  9 rats
46 creatures vanquished.

Notes
Turn   | Place    | Note
-------+----------+-------------------------------------------
     0 | D:1      | NotreDorf the Gnoll Hedge Wizard began the quest for the
                  | Orb.
     0 | D:1      | Reached XP level 1. HP: 13/13 MP: 8/8
   171 | D:1      | Reached XP level 2. HP: 11/19 MP: 0/10
   948 | D:1      | Reached XP level 3. HP: 25/25 MP: 8/11
   951 | D:1      | Learned a level 2 spell: Blink
   955 | D:1      | Learned a level 3 spell: Mephitic Cloud
   972 | D:1      | Found a faded altar of an unknown god.
  1256 | D:1      | You fall into a shaft and drop 1 floor!
  1311 | D:2      | Reached skill level 1 in Invocations
  1337 | D:2      | Identified the +0 orcbow "Lannis" {antimagic, rN+ Will+
                  | Str+5}
  1785 | D:2      | Reached skill level 1 in Fighting
  1785 | D:2      | Reached skill level 1 in Short Blades
  1785 | D:2      | Reached skill level 1 in Long Blades
  1785 | D:2      | Reached skill level 1 in Axes
  1785 | D:2      | Reached skill level 1 in Maces & Flails
  1785 | D:2      | Reached skill level 1 in Polearms
  1785 | D:2      | Reached skill level 1 in Staves
  1785 | D:2      | Reached skill level 1 in Ranged Weapons
  1785 | D:2      | Reached skill level 1 in Throwing
  1785 | D:2      | Reached skill level 1 in Armour
  1785 | D:2      | Reached skill level 1 in Shields
  1785 | D:2      | Reached skill level 1 in Unarmed Combat
  1785 | D:2      | Reached skill level 1 in Evocations
  2256 | D:2      | Reached skill level 1 in Shapeshifting
  2256 | D:2      | Reached XP level 4. HP: 32/32 MP: 9/13
  2372 | D:3      | Noticed Ijyb
  2387 | D:3      | Slain by Ijyb

Illustrated notes

Levels and vault maps discovered:
D:1:      onia_arrival_mini_spirals, layout_loops_ring,
          chequers_ecumenical_altar_simple_redux
D:2:      layout_basic, wander_ebering_terrifying_dragon_lair
D:3:      layout_loops_ring, portal_sewer_entry_e, uniq_ijyb

Skill      XL: |  1  2  3 |
---------------+----------+-----
Conjurations   | 2 |  2.2
Summonings     | 2 |  2.2
Translocations | 2 |  2.2
Invocations    | 1 |  1.1
Fighting       | 1 |  1.0
Short Blades   | 1 |  1.0
Long Blades    | 1 |  1.0
Axes           | 1 |  1.0
Maces & Flails | 1 |  1.0
Polearms       | 1 |  1.0
Staves         | 1 |  1.0
Ranged Weapons | 1 |  1.0
Throwing       | 1 |  1.0
Armour         | 1 |  1.0
Shields        | 1 |  1.0
Unarmed Combat | 1 |  1.0
Evocations     | 1 |  1.0
Shapeshifting  | 1 |  1.0
Dodging        | |  4.6
Stealth        | |  4.2
Spellcasting   | |  7.2
Hexes          | |  0.8
Necromancy     | |  0.8
Fire Magic     | |  0.8
Ice Magic      | |  0.8
Air Magic      | |  0.8
Earth Magic    | |  0.8
Alchemy        | |  0.8

Action                     |  1- 3 |  4- 6 || total
---------------------------+-------+-------++-------
  Melee: Dagger            |    26 |       ||    26
         Bite              |     4 |     3 ||     7
         Short sword       |       |    18 ||    18
   Fire: Orcbow            |     3 |       ||     3
   Cast: Magic Dart        |   117 |     7 ||   124
   Stab: Sleeping          |     1 |     1 ||     2
 Armour: Robe              |    12 |     7 ||    19
         Leather armour    |    14 |       ||    14
  Dodge: Dodged            |    46 |     7 ||    53
